 Dungeon Crawl Stone Soup version 0.28-a0-1406-ga8dd43b1d0 (webtiles) character file.

Game seed: 13540301983431415031

12054 Essalna the Fighter (level 11, -1/66 HPs)
             Began as a Gargoyle Gladiator on Jan 6, 2022.
             Was a Priest of Hepliaklqana.
             Slain by a blink frog (7 damage)
             ... on level 2 of the Lair of Beasts.
             The game lasted 00:26:52 (13156 turns).

Essalna the Fighter (Gargoyle Gladiator)           Turns: 13156, Time: 00:26:52

Health: -1/66      AC: 30    Str: 19    XL:     11   Next: 87%
Magic:  11/11      EV:  8    Int: 12    God:    Hepliaklqana [***...]
Gold:   299        SH:  9    Dex: 11    Spells: 10/10 levels left

rFire   . . .      SeeInvis .   H - +0 morningstar
rCold   + . .      Faith    .   i - +0 buckler
rNeg    + . .      Spirit   .   E - +3 chain mail
rPois   ∞          Reflect  +   c - +0 helmet
rElec   +          Harm     .   B - +0 cloak
rCorr   .          Rampage  .   f - +0 pair of gloves
Will    .....                   N - +1 pair of boots of Complete Protection {rC+}
Stlth   ..........              M - amulet of reflection
HPRegen 0.21/turn               (no ring)
MPRegen 0.12/turn               (no ring)

@: no status effects
A: reduced essence, sickness immunity, AC +8, negative energy resistance 1,
electricity resistance, torment resistance 1, petrification resistance
a: Renounce Religion, Recall Ancestor, Ancestor Identity, Transference


You were on level 2 of the Lair of Beasts.
You worshipped Hepliaklqana.
Hepliaklqana was most pleased with you.
You visited 4 branches of the dungeon, and saw 14 of its levels.
You also visited: Ossuary.

You collected 517 gold pieces.
You spent 218 gold pieces at shops.

Inventory:

Hand Weapons
 a - a +0 flail
 q - a +3 whip of venom
 H - a +0 morningstar (weapon)
Missiles
 d - a throwing net (quivered)
 r - 4 atropa-tipped darts
Armour
 b - a +0 leather armour
 c - a +0 helmet (worn)
 f - a +0 pair of gloves (worn)
 i - a +0 buckler (worn)
 j - a +0 scale mail
 s - a +0 pair of boots
 B - a +0 cloak (worn)
 E - a +3 chain mail (worn)
 J - a +0 cloak
 N - the +1 pair of boots of Complete Protection (worn) {rC+}
   (You bought it in a shop on level 9 of the Dungeon)

   rC:        It protects you from cold.
Magical Staves
 v - a staff of air
 C - a staff of earth
Jewellery
 k - an amulet of magic regeneration
 D - an amulet of regeneration
 M - an amulet of reflection (around neck)
Wands
 A - a wand of mindburst (15)
 I - a wand of flame (13)
 K - a wand of paralysis (9)
 Q - a wand of digging (4)
Scrolls
 g - 6 scrolls of identify {unknown}
 l - 3 scrolls of magic mapping {unknown}
 m - 3 scrolls of amnesia
 p - 4 scrolls of teleportation
 u - 2 scrolls of fog
 y - a scroll of blinking {unknown}
 L - a scroll of fear
 O - a scroll of enchant weapon
 P - a scroll of summoning
 R - a scroll of enchant armour {unknown}
 S - a scroll of brand weapon {unknown}
Potions
 e - 3 potions of lignification {unknown}
 h - 3 potions of curing {unknown}
 n - 2 potions of mutation {unknown}
 o - 3 potions of invisibility {unknown}
 t - 3 potions of heal wounds {unknown}
 w - a potion of brilliance {unknown}
 x - 2 potions of haste {unknown}
 z - a potion of cancellation {unknown}
 F - a potion of berserk rage {unknown}
 G - 4 potions of attraction {unknown}


   Skills:
 + Level 11.5 Fighting
 + Level 10.8 Maces & Flails
 - Level 1.7 Throwing
 + Level 11.2 Armour
 - Level 4.0 Dodging
 - Level 4.0 Shields


You had 10 spell levels left.
You didn't know any spells.
Your spell library contained the following spells:

 Spells                   Type           Power      Damage    Failure   Level
 Pain                     Necr           0%         1d4       97%         1
 Slow                     Hex            0%         N/A       97%         1
 Ensorcelled Hibernation  Hex/Ice        0%         N/A       99%         2
 Call Canine Familiar     Summ           0%         N/A       100%        3
 Confusing Touch          Hex            0%         N/A       100%        3
 Portal Projectile        Hex/Tloc       0%         N/A       100%        3
 Spider Form              Tmut/Pois      0%         N/A       100%        3
 Vampiric Draining        Necr           0%         2d6       100%        3
 Hailstorm                Conj/Ice       0%         3d3       100%        4
 Ice Form                 Ice/Tmut       0%         N/A       100%        4
 Leda's Liquefaction      Hex/Erth       0%         N/A       100%        4
 Agony                    Necr           0%         N/A       100%        5
 Excruciating Wounds      Necr           0%         N/A       100%        5
 Freezing Cloud           Conj/Ice/Air   0%         6-21      100%        5
 Simulacrum               Ice/Necr       0%         N/A       100%        6
 Polar Vortex             Ice            0%         N/A       100%        9


Dungeon Overview and Level Annotations

Branches:
Dungeon (10/15)            Temple (1/1) D:6            Lair (2/6) D:10
 Spider (0/4) Lair:2          Orc (1/2) D:9         Ossuary (visited)
  Swamp: Lair:2-4    Shoals: Lair:2-4     Snake: Lair:2-4

Altars:
Ashenzari
Dithmenos
Elyvilon
Fedhas
Gozag
Hepliaklqana
Makhleb
Okawaru
Qazlal
Sif Muna
Trog
Uskayaw
Vehumet
Wu Jian
Xom
Yredelemnul
The Shining One

Shops:
D:3 [   D:9 *[*[!

Annotations:
D:8 Psyche


Innate Abilities, Weirdness & Mutations

Your life essence is reduced to manifest your ancestor. (-10% HP)
You are immune to sickness and miasma.
Your stone body is resilient. (AC +8)
You are immune to poison.
You resist negative energy. (rN+)
You are resistant to electric shocks. (rElec)
You are resistant to unholy torment.
You are immune to petrification.


Message History

The blink frog is heavily wounded.
You block the blink frog's attack.
Something barely misses Muriel.
Muriel misses the blink frog.
You sock the blink frog!
You kill the blink frog!
Something hits Muriel!
Found 11 gold pieces.
Muriel gestures at the blink frog while chanting.
The puff of frost misses the blink frog.
The blink frog hits Muriel!!
Muriel is destroyed!
You see here a blink frog corpse.
The blink frog barely misses you.
You hit the blink frog but do no damage.
The blink frog hits you but does no damage.
You miss the blink frog.
The blink frog blinks!
The blink frog blinks!
Found a metallic blue potion.
The blink frog blinks!
There is a shaft here.
The blink frog blinks!
Found a scroll labelled BAETAA JOOZUA.
A blink frog is nearby!
The blink frog hits you!
* * * LOW HITPOINT WARNING * * *
You hit the blink frog.
The blink frog is lightly wounded.
You block the blink frog's attack.
You barely miss the blink frog.
The blink frog is lightly wounded.
The blink frog hits you but does no damage.
You block the blink frog's attack.
You closely miss the blink frog.
The blink frog is lightly wounded.
The blink frog hits you.
* * * LOW HITPOINT WARNING * * *
You thump the blink frog!
The blink frog is severely wounded.
The blink frog hits you!
You die...

..............##..##
...........[...#... ..
..............#...## ..?
..................P#....
...............!..P#....
##......................
##............#.........
##............#F.......
. #...........P#@..#..$#
. ##.....#.#F^##...#. ##
^^ #.....###..##......
.^##..#...#....#†.##...#
#....#..##...##..# ..#.
##..##..###...†..# .#
#...##...##......# .
...####...##..#........
#.. #...###..##......P


You could see a blink frog.

Vanquished Creatures
  A hydra (Lair:1)
  A black mamba (Lair:2)
  A cane toad (Lair:1)
  2 kobold demonologists
  3 blink frogs (Lair:2)
  A meliai zombie (D:6)
  A wyvern (D:9)
  A yak (D:9)
  An acid dragon (D:9)
  3 water moccasins
  2 orc warriors
  An ice beast (D:5)
  3 ogres
  3 black bears
  2 centaurs
  6 kobold brigands
  4 bullfrogs
  A water moccasin skeleton (D:5)
  7 water moccasin zombies (Ossuary)
  A jelly (D:5)
  7 wights
  6 killer bees (D:8)
  4 electric eels (Lair:2)
  A centaur zombie (D:8)
  2 centaur skeletons (D:7)
  A gnoll shaman (D:6)
  2 bullfrog skeletons
  3 hounds
  3 orc priests
  2 iguanas
  2 orc wizards
  A hound zombie (D:5)
  2 mummies (Ossuary)
  A howler monkey zombie (D:9)
  Robin (D:4)
  8 gnolls
  10 adders
  2 river rats (D:10)
  An ufetubus (D:4)
  5 adder zombies (Ossuary)
  A worm (D:2)
  3 dart slugs
  22 orcs
  2 bats (D:1)
  3 endoplasms
  6 giant cockroaches
  5 gnoll zombies (Ossuary)
  16 goblins
  15 hobgoblins
  5 jackals
  4 quokkas
  4 ball pythons
  3 frilled lizards
  3 hobgoblin zombies (Ossuary)
  14 kobolds
  4 kobold zombies (Ossuary)
  3 orc zombies (Ossuary)
  3 rats
225 creatures vanquished.

Vanquished Creatures (collateral kills)
  2 hydras (Lair:1)
  A two-headed ogre (D:10)
  Joseph (D:9)
  A gargoyle (D:10)
  2 cane toads
  A troll (D:10)
  A blink frog (Lair:2)
  A shadow (D:10)
  A steam dragon (D:10)
  A basilisk (Lair:1)
  2 yaks (D:9)
  3 water moccasins
  An orc warrior (D:9)
  A necrophage (D:6)
  A centaur (D:8)
  A kobold brigand (D:8)
  6 bullfrogs
  2 orc priests
  An orc wizard (D:9)
  8 orcs
  7 kobolds
45 creatures vanquished.

Vanquished Creatures (others)
  A kobold brigand (D:8)
  3 battlemagi
  2 ancestors (D:8)
  3 fungi
  6 plants
15 creatures vanquished.

Grand Total: 285 creatures vanquished

Notes
Turn   | Place    | Note
-------+----------+-------------------------------------------
     0 | D:1      | Essalna the Gargoyle Gladiator began the quest for the Orb.
     0 | D:1      | Reached XP level 1. HP: 12/12 MP: 1/1
   154 | D:1      | Reached XP level 2. HP: 8/18 MP: 2/2
   346 | D:1      | Reached skill level 1 in Armour
   901 | D:1      | Reached XP level 3. HP: 22/22 MP: 3/3
  2098 | D:2      | Found a faded altar of an unknown god.
  2240 | D:3      | Found Uxtutip's Armour Emporium.
  2337 | D:3      | Reached XP level 4. HP: 27/27 MP: 4/4
  2364 | D:3      | Found a stormy altar of Qazlal.
  2452 | D:3      | Found a shimmering altar of Xom.
  2455 | D:3      | Found a blossoming altar of Fedhas.
  2638 | D:4      | Noticed a black bear
  2733 | D:4      | Reached skill level 1 in Shields
  2782 | D:4      | Reached XP level 5. HP: 11/32 MP: 5/5
  3007 | D:4      | Noticed an ogre
  3018 | D:4      | Killed an ogre
  3019 | D:4      | Reached XP level 6. HP: 7/37 MP: 6/6
  3526 | D:4      | Killed a black bear
  4006 | D:4      | Noticed Robin
  4118 | D:4      | Killed Robin
  4233 | D:5      | Entered Level 5 of the Dungeon
  4253 | D:5      | Reached XP level 7. HP: 43/43 MP: 7/7
  4920 | D:5      | Found a white marble altar of Elyvilon.
  4922 | D:5      | Found an opulent altar of Gozag.
  4922 | D:5      | Found a broken altar of Ashenzari.
  4933 | D:5      | Reached XP level 8. HP: 37/48 MP: 8/8
  5256 | D:5      | Reached skill level 5 in Fighting
  5256 | D:5      | Reached skill level 5 in Maces & Flails
  5477 | D:6      | Noticed a kobold demonologist
  5493 | D:6      | Killed a kobold demonologist
  5494 | D:6      | Reached skill level 5 in Armour
  5521 | D:6      | Reached XP level 9. HP: 47/56 MP: 9/9
  5627 | D:6      | Found a sand-covered staircase.
  5633 | Ossuary  | Entered an ossuary
  6273 | D:6      | Found a staircase to the Ecumenical Temple.
  6283 | Temple   | Entered the Ecumenical Temple
  6421 | Temple   | Became a worshipper of Hepliaklqana the Forgotten
  6530 | D:6      | Identified the +7 hand axe "Wyetung Sipp" {elec, +Blink
                  | Int+2}
  7157 | D:7      | Reached * piety under Hepliaklqana
  7847 | D:8      | Noticed Psyche
  8292 | D:8      | Noticed a kobold demonologist
  8312 | D:8      | Noticed an ice devil
  8319 | D:8      | Killed a kobold demonologist
  8324 | D:8      | Reached XP level 10. HP: 57/57 MP: 10/10
  8517 | D:8      | Noticed a catoblepas
  8536 | D:9      | Found Ycunkau's Assorted Antiques.
  8993 | D:9      | Found Gedwuree's Antique Armour Emporium.
  9235 | D:9      | Found Usynk's General Store.
  9252 | D:9      | Bought a pair of smoking boots for 218 gold pieces
  9252 | D:9      | Identified the +1 pair of boots of Complete Protection
                  | {rC+} (You bought it in a shop on level 9 of the Dungeon)
  9274 | D:9      | Reached ** piety under Hepliaklqana
  9288 | D:9      | Remembered your ancestor Muriel as a battlemage
  9371 | D:9      | Found a shimmering blue altar of Sif Muna.
  9434 | D:9      | Noticed Joseph
  9445 | D:9      | Killed Joseph
  9534 | D:9      | Found Qut Dun's Armour Shoppe.
  9809 | D:9      | Found a staircase to the Orcish Mines.
  9831 | Orc:1    | Entered Level 1 of the Orcish Mines
 10155 | D:9      | Found Ewof's Distillery.
 10401 | D:10     | Entered Level 10 of the Dungeon
 10554 | D:10     | Reached skill level 10 in Fighting
 10602 | D:10     | Reached XP level 11. HP: 61/64 MP: 11/11
 10997 | D:10     | Reached skill level 10 in Armour
 11405 | D:10     | Noticed a two-headed ogre
 11411 | D:10     | Killed a two-headed ogre
 11529 | D:10     | Found a staircase to the Lair.
 11556 | Lair:1   | Entered Level 1 of the Lair of Beasts
 11556 | Lair:1   | Reached *** piety under Hepliaklqana
 11562 | Lair:1   | Noticed a six-headed hydra
 11780 | Lair:1   | Reached skill level 10 in Maces & Flails
 11791 | Lair:1   | Noticed a five-headed hydra
 11797 | Lair:1   | Killed a five-headed hydra
 11923 | Lair:1   | Noticed a seven-headed hydra
 11933 | Lair:1   | Killed a seven-headed hydra
 12086 | Lair:1   | Killed a six-headed hydra
 13089 | Lair:2   | Found a hole to the Spider Nest.
 13089 | Lair:2   | Noticed an orb spider
 13156 | Lair:2   | Slain by a blink frog

Illustrated notes

Levels and vault maps discovered:
D:1:      tarquinn_simple_flora_water_e, layout_loops_ring, minivault_4,
          chequers_serial_rivers_small_3, minmay_misc_feat_nine_boxes,
          minivault_19
D:2:      layout_loops_ring, basic_ecumenical_altar
D:3:      layout_rooms, nicolae_qazlal_scattered_showers, minitemple,
          serial_shops, shop
D:4:      kennysheep_goblin_castle, layout_rooms, dk_vineyard_2,
          nrook_mini_backslash
D:5:      layout_loops_cross, grunt_temple_overflow_diamond
D:6:      layout_cave_pools, minmay_temple_entry_stoned_glass,
          nicolae_ossuary_entry_ruins, minmay_microvault
D:7:      layout_cave_pools
D:8:      layout_basic, amcnicky_altar_gilded, special_room
          [special_room_kobold], uniq_psyche
D:9:      layout_irregular_city, mainiacjoe_overflow_paths, orc_0_dummy,
          serial_shops, kennysheep_little_box, nicolae_shop_trees,
          nicolae_square_shop, nicolae_diamond_shop,
          nicolae_shop_competitors_out_of_business, roderic_serpentine_path,
          uniq_joseph
D:10:     layout_layer_cave, lair_entry_dummy, pond
Temple:   dpeg_chambers_temple
Lair:1:   layout_chaotic_city, lemuel_fruit_tree, grunt_megastairs_1
Lair:2:   layout_long_grid, nicolae_spider_entry_orb_guardian,
          beast_lair_carwin_10, infiniplex_staircase_pool_2,
          serial_bayou_shore_a
Orc:1:    layout_caves, hellmonk_guarded_unrand_dark_maul

Skill      XL: |  1  2  3  4  5  6  7  8  9 10 11 |
---------------+----------------------------------+-----
Armour         | 1 2 3 4 5 7 9 11 | 11.2
Fighting       | 3 4 6 8 10 11 | 11.5
Shields        | 1 2 3 4 |  4.0
Dodging        | 3 4 |  4.0
Maces & Flails | 4 6 7 9 10 | 10.8
Throwing       | |  1.7

Action                   |  1- 3 |  4- 6 |  7- 9 | 10-12 || total
-------------------------+-------+-------+-------+-------++-------
Melee: Flail             |   129 |    12 |       |       ||   141
       Punch             |     2 |       |       |       ||     2
       Whip              |       |   142 |   361 |       ||   503
       Morningstar       |       |       |   118 |   349 ||   467
Throw: Throwing net      |     1 |     1 |       |       ||     2
Invok: Recall Ancestor   |       |       |       |     2 ||     2
       Ancestor Life: Ba |       |       |       |     1 ||     1
       Ancestor Identity |       |       |       |     1 ||     1
Evoke: Wand              |       |       |       |     2 ||     2
  Use: Scroll            |       |       |    11 |     1 ||    12
 Stab: Distracted        |       |       |       |     1 ||     1
Armor: Leather armour    |    45 |       |       |       ||    45
       Scale mail        |    16 |    82 |    55 |       ||   153
       Chain mail        |       |       |   310 |   255 ||   565
Dodge: Dodged            |    78 |    81 |   203 |   142 ||   504
Block: Buckler           |     6 |    30 |   104 |   151 ||   291
       Reflection        |       |       |       |     4 ||     4

Table legend: (Time is in decaauts)
 A = Elapsed time spent in this place.
 B = Non-inter-level travel time spent in this place.
 C = Inter-level travel time spent in this place.
 D = Time resting spent in this place.
 E = Time spent auto-exploring this place.
 F = Levels seen in this place.
 G = Mean time per level.
                   A        B        C        D        E       F      G
               +--------+--------+--------+--------+--------+-----+--------+
         Total |  13184 |  12763 |    421 |    542 |   9866 |  15 |  878.9 |
       Dungeon |  10946 |  10551 |    395 |    542 |   8064 |  10 | 1094.6 |
        Temple |    151 |    139 |     12 |      0 |    122 |   1 |  151.0 |
          Lair |   1603 |   1589 |     14 |      0 |   1368 |   2 |  801.5 |
  Orcish Mines |      4 |      4 |      0 |      0 |      0 |   1 |    4.0 |
       Ossuary |    477 |    477 |      0 |      0 |    312 |   1 |  477.0 |
               +--------+--------+--------+--------+--------+-----+--------+

Top non-repeatable levels by time:
     D:9: 1873 daAuts
     D:1: 1232 daAuts
     D:5: 1223 daAuts
    D:10: 1165 daAuts
  Lair:1: 1105 daAuts
     D:8: 1100 daAuts
     D:3: 1039 daAuts
     D:2: 1024 daAuts
     D:4: 972 daAuts
     D:6: 768 daAuts
     D:7: 545 daAuts
  Lair:2: 497 daAuts
 Ossuary: 477 daAuts
  Temple: 151 daAuts
   Orc:1: 4 daAuts
